 Seeded DCSS version 0.30-a0-953-g5f1da4a474 (webtiles) character file.

Game seed: 3125986916090331667 (custom seed)

618 Parcival the Covert (level 7, -18/51 HPs)
             Began as a Vampire Brigand on Mar 28, 2023.
             Demolished by an ogre
             ... wielding a +0 giant club
              (26 damage)
             ... on level 5 of the Dungeon.
             The game lasted 00:07:42 (2948 turns).

Parcival the Covert (Vampire Brigand)               Turns: 2948, Time: 00:07:43

Health: -18/51     AC: 18    Str: 13    XL:     7   Next: 21%
Magic:  7/7        EV:  7    Int: 18    God:
Gold:   1056       SH:  0    Dex: 23    Spells: 6/6 levels left

rFire   . . .      SeeInvis +    a - +4 dagger (drain)
rCold   . . .      Faith    .    (no shield)
rNeg    . . .      Spirit   .    t - +1 chain mail of Supple Strength {Harm Str+3}
rPois   .          Reflect  .    (no helmet)
rElec   .          Rampage  .    c - +0 cloak
rCorr   .          Harm     + .  (no gloves)
Will    .....                    (no boots)
Stlth   ++                       j - amulet of magic regeneration
HPRegen 0.48/turn                f - ring "Joedwixt" {AC+4 Slay+2}
MPRegen 0.50/turn                h - ring of Peim Fimunk {AC+4 Int+4 Dex+6}

@: healing quickly
A: alive, fangs 3, see invisible, vampiric 2
a: Exsanguinate


You were on level 5 of the Dungeon.
You visited 1 branch of the dungeon, and saw 5 of its levels.

You collected 1056 gold pieces.

Inventory:

Hand Weapons
 a - a +4 dagger of draining (weapon)
Missiles
 d - 21 poisoned darts (quivered)
 e - 3 curare-tipped darts
Armour
 b - a +0 robe
 c - a +0 cloak (worn)
 t - the +1 chain mail of Supple Strength (worn) {Harm Str+3}
   (You found it on level 3 of the Dungeon)

   Str:       It affects your strength (+3).
   Harm:      It increases damage dealt and taken.
Jewellery
 f - the ring "Joedwixt" (left hand) {AC+4 Slay+2}
   (You acquired it on level 1 of the Dungeon)

   [ring of protection]

   AC:        It affects your AC (+4).
   Slay:      It affects your accuracy & damage with ranged weapons and melee
   (+2).
 h - the ring of Peim Fimunk (right hand) {AC+4 Int+4 Dex+6}
   (You acquired it on level 2 of the Dungeon)

   [ring of protection]

   AC:        It affects your AC (+4).
   Int:       It affects your intelligence (+4).
   Dex:       It affects your dexterity (+6).
 i - a +6 ring of strength
 j - an amulet of magic regeneration (around neck)
 r - an amulet of reflection
 s - an amulet of guardian spirit
 u - a ring of wizardry
Wands
 p - a wand of flame (12)
Scrolls
 g - 3 scrolls of teleportation
Potions
 k - a potion of heal wounds
 l - a potion of resistance
 m - a potion of lignification
 n - 2 potions of degeneration
 o - a potion of brilliance
 v - a potion of might {unknown}


   Skills:
 + Level 2.4 Fighting
 + Level 4.6 Short Blades
 + Level 1.8 Throwing
 + Level 1.6 Armour
 + Level 3.0 Dodging
 + Level 10.1 Stealth


You had 6 spell levels left.
You didn't know any spells.
Your spell library contained the following spells:

 Spells                   Type           Power      Damage    Failure   Level
 Sandblast                Erth           0%         2d4       100%        1
 Passwall                 Tmut/Erth      0%         N/A       100%        2
 Sublimation of Blood     Necr           0%         N/A       100%        2
 Inner Flame              Hex/Fire       0%         N/A       100%        3
 Stone Arrow              Conj/Erth      0%         3d7       100%        3
 Flame Wave               Conj/Fire      0%         2d4       100%        4
 Petrify                  Tmut/Erth      0%         N/A       100%        4
 Sticky Flame             Conj/Fire      0%         2d3       100%        4
 Irradiate                Conj/Tmut      0%         3d11      100%        5


Dungeon Overview and Level Annotations

Branches:
Dungeon (5/15)
 Temple: D:4-7

Altars:
Hepliaklqana
Okawaru

Shops:
D:3 :   D:5 (**?


Innate Abilities, Weirdness & Mutations

Your natural rate of healing is accelerated.
You have razor-sharp teeth.
You have supernaturally acute eyesight. (SInv)
You are afflicted with vampirism and can become a bat while bloodless.


Message History

You closely miss the water moccasin.
The water moccasin bites you but does no damage.
The water moccasin bites you.
You closely miss the water moccasin. The ogre hits you but does no damage.
The water moccasin barely misses you.
You completely miss the water moccasin.
The water moccasin bites you but does no damage.
You hit the water moccasin.
The water moccasin is moderately wounded.
The ogre closely misses you.
The water moccasin bites you but does no damage.
You barely miss the water moccasin.
You bite the water moccasin, but do no damage.
The water moccasin is moderately wounded.
The water moccasin bites you.
You hit the water moccasin but do no damage.
The water moccasin is moderately wounded.
The ogre barely misses you.
The water moccasin completely misses you.
You completely miss the water moccasin.
The water moccasin is moderately wounded.
The water moccasin bites you but does no damage.
You hit the water moccasin. You drain the water moccasin.
You punch the water moccasin.
The water moccasin is heavily wounded.
The ogre hits you but does no damage. The water moccasin barely misses you.
You barely miss the water moccasin. You bite the water moccasin.
The water moccasin is heavily wounded.
The water moccasin bites you but does no damage.
You barely miss the water moccasin.
The water moccasin is heavily wounded.
The water moccasin bites you but does no damage.
The ogre hits you with a +0 giant club!
* * * LOW HITPOINT WARNING * * *
You barely miss the water moccasin.
The water moccasin is heavily wounded.
The water moccasin bites you but does no damage.
The ogre hits you with a +0 giant club!!
Ouch! That really hurt!
You die...

#........ .$.
#.......♣ ♣.♣.♣.#
#........#.∩.#..#
#.......♣.♣.♣.♣.#
##........∩...∩..###
.........♣.♣.♣.♣...
#........#.∩.#..#
#.....O)♣.♣.♣.♣.#.#
#.....@S...........
###...#......###.##
#.........###
.............#
#....[.......#
##...........#
##......<..##
##.........#
#########.....


You could see a water moccasin (drained) and an ogre.

Vanquished Creatures
  A water moccasin (D:4)
  A centaur (D:4)
  2 scorpions
  A jelly (D:4)
  2 orc priests (D:4)
  2 iguanas (D:4)
  A sleepcap (D:4)
  Natasha (D:2)
  A gnoll (D:1)
  3 adders
  A worm (D:2)
  2 dart slugs
  4 orcs
  7 endoplasms
  2 giant cockroaches
  5 hobgoblins
  4 jackals (D:4)
  4 quokkas
  9 ball pythons
  4 bats
  2 frilled lizards
  9 goblins
  11 kobolds
  4 rats
83 creatures vanquished.

Notes
Turn   | Place    | Note
-------+----------+-------------------------------------------
     0 | D:1      | Parcival the Vampire Brigand began the quest for the Orb.
     0 | D:1      | Reached XP level 1. HP: 16/16 MP: 1/1
    18 | D:1      | Reached skill level 6 in Stealth
    28 | D:1      | Identified a scroll of acquirement
    28 | D:1      | Acquired the ring "Joedwixt" {AC+4 Slay+2}
   168 | D:1      | Reached XP level 2. HP: 22/22 MP: 2/2
   552 | D:1      | Reached skill level 7 in Stealth
   633 | D:1      | Gained mutation: You are afflicted with vampirism and can
                  | become a bat while bloodless. [Vampire growth]
   633 | D:1      | Reached XP level 3. HP: 27/27 MP: 3/3
  1322 | D:2      | Noticed Natasha
  1332 | D:2      | Killed Natasha
  1333 | D:2      | Reached skill level 8 in Stealth
  1333 | D:2      | Reached XP level 4. HP: 23/33 MP: 4/4
  1388 | D:2      | Acquired the ring of Peim Fimunk {AC+4 Int+4 Dex+6}
  1720 | D:3      | Found an iron altar of Okawaru.
  1787 | D:3      | Found Digoh's Book Boutique.
  1820 | D:3      | Identified the +1 chain mail of Supple Strength {Harm
                  | Str+3}
  2200 | D:4      | Noticed a scorpion
  2215 | D:4      | Killed a scorpion
  2216 | D:4      | Reached XP level 5. HP: 11/38 MP: 5/5
  2282 | D:4      | Acquired 871 gold pieces
  2314 | D:4      | Reached skill level 9 in Stealth
  2341 | D:4      | Reached XP level 6. HP: 20/44 MP: 6/6
  2350 | D:4      | Reached skill level 1 in Armour
  2560 | D:4      | Found a hazy altar of Hepliaklqana.
  2671 | D:4      | Noticed a water moccasin
  2679 | D:4      | Killed a water moccasin
  2680 | D:4      | Reached XP level 7. HP: 43/51 MP: 7/7
  2731 | D:4      | Reached skill level 10 in Stealth
  2913 | D:5      | Entered Level 5 of the Dungeon
  2914 | D:5      | Found Kuxiet's Assorted Antiques.
  2917 | D:5      | Found Tuexan's Magic Scroll Boutique.
  2919 | D:5      | Found Keelodoj's General Store.
  2921 | D:5      | Found Istewn's Weapon Boutique.
  2948 | D:5      | Demolished by an ogre

Illustrated notes

Levels and vault maps discovered:
D:1:      amcnicky_arrival_single_pillar, layout_loops_cross,
          hangedman_glass_garden
D:2:      layout_loops_ring, dk_vineyard_1, uniq_natasha
D:3:      layout_basic, mainiacjoe_overflow_catwalk, serial_forest,
          infiniplex_forest_zigzag_1, infiniplex_forest_split,
          infiniplex_forest_end_double, infiniplex_forest_lined_room_,
          infiniplex_forest_corner_1, infiniplex_forest_lined_room_2,
          serial_shops, nicolae_shop_hallway_stairs
D:4:      layout_basic, old_standard_altar
D:5:      layout_rooms, minmay_temple_entry_drinking_statues,
          minmay_shop_grid_forest

Skill      XL: |  1  2  3  4  5  6  7 |
---------------+----------------------+-----
Stealth        | 6 7 8 9 10 | 10.1
Fighting       | 2 |  2.4
Short Blades   | 3 4 |  4.6
Dodging        | 2 3 |  3.0
Armour         | 1 |  1.6
Throwing       | |  1.8

Action                     |  1- 3 |  4- 6 |  7- 9 || total
---------------------------+-------+-------+-------++-------
  Melee: Dagger            |    87 |    79 |    27 ||   193
         Bite              |     3 |     8 |     3 ||    14
         Punch             |       |       |     1 ||     1
  Throw: Dart              |       |     1 |       ||     1
  Evoke: Wand              |       |     1 |       ||     1
    Use: Scroll            |     5 |     9 |     1 ||    15
         Potion            |       |     1 |       ||     1
   Stab: Sleeping          |    15 |     1 |       ||    16
 Armour: Robe              |    29 |     3 |       ||    32
         Chain mail        |       |    53 |    26 ||    79
  Dodge: Dodged            |    35 |    32 |    11 ||    78

Table legend: (Time is in decaauts)
 A = Elapsed time spent in this place.
 B = Non-inter-level travel time spent in this place.
 C = Inter-level travel time spent in this place.
 D = Time resting spent in this place.
 E = Time spent auto-exploring this place.
 F = Levels seen in this place.
 G = Mean time per level.
                   A        B        C        D        E       F      G
               +--------+--------+--------+--------+--------+-----+--------+
         Total |   2917 |   2804 |    113 |      4 |   2032 |   5 |  583.4 |
       Dungeon |   2917 |   2804 |    113 |      4 |   2032 |   5 |  583.4 |
               +--------+--------+--------+--------+--------+-----+--------+

Top non-repeatable levels by time:
     D:4: 783 daAuts
     D:2: 767 daAuts
     D:3: 671 daAuts
     D:1: 664 daAuts
     D:5: 30 daAuts
